 Dungeon Crawl Stone Soup version 0.27-a0-860-gaf99fae3ca (webtiles) character file.

Game seed: 285722736485745869

43694 LabCoat the Severer (level 14, -2/186 HPs)
             Began as a Hill Orc Fighter on Apr 1, 2021.
             Was a High Priest of Trog.
             Splashed by an oklob plant's acid (12 damage)
             ... on level 6 of the Lair of Beasts.
             The game lasted 01:20:20 (16264 turns).

LabCoat the Severer (Hill Orc Fighter)             Turns: 16264, Time: 01:20:22

Health: -2/186     AC:  6    Str: 24    XL:     14   Next: 25%
Magic:  14/14      EV:  7    Int:  8    God:    Trog [*****.]
Gold:   1650       SH: 14    Dex: 16    Spells: 13/13 levels left

rFire    . . .     SeeInvis +   w - +2 broad axe (freeze)
rCold    + . .     Faith    .   c - +1 kite shield
rNeg     + . .     Spirit   .   n - +1 plate armour {rC+}
rPois    .         Reflect  .   N - +0 helmet
rElec    .         Harm     .   E - +0 cloak
rCorr    .         Rampage  .   s - +0 pair of gloves
Will     +....                  p - +0 pair of boots
Stlth    ..........             A - amulet of regeneration
HPRegen  1.41/turn              i - ring of positive energy
MPRegen  0.14/turn              g - ring of Sadexid {Dex+6 SInv}

@: berserking, corroded, very quick
A: no striking features
a: Renounce Religion, Berserk, Trog's Hand, Brothers in Arms


You were on level 6 of the Lair of Beasts.
You worshipped Trog.
Trog was extremely pleased with you.
You visited 3 branches of the dungeon, and saw 16 of its levels.

You collected 1650 gold pieces.

Inventory:

Hand Weapons
 a - a +1 spectral war axe
 m - a +1 morningstar of electrocution
 t - a +4 flail of freezing
 w - a +2 broad axe of freezing (weapon)
Missiles
 r - 47 poisoned darts
 v - 4 boomerangs (quivered)
 y - 3 silver javelins
 z - a curare-tipped dart
 I - 2 throwing nets
 K - 7 atropa-tipped darts
Armour
 c - a +1 kite shield (worn)
 n - a +1 plate armour of cold resistance (worn)
 p - a +0 pair of boots (worn)
 s - a +0 pair of gloves (worn)
 E - a +0 cloak (worn)
 N - a +0 helmet (worn)
Jewellery
 g - the ring of Sadexid (right hand) {Dex+6 SInv}
   (You found it on level 1 of the Lair of Beasts)

   [ring of dexterity]

   It affects your dexterity (+6).
   It lets you see invisible.
 i - a ring of positive energy (left hand)
 j - a +6 ring of dexterity
 A - an amulet of regeneration (around neck)
 L - an amulet of guardian spirit
 Q - a ring of flight
Wands
 d - a wand of random effects (26)
 q - a wand of acid (6)
 B - a wand of digging (1)
 H - a wand of iceblast (1)
 J - a wand of polymorph (8)
 O - a wand of charming (6)
Scrolls
 h - 4 scrolls of magic mapping
 o - a scroll of acquirement {unknown}
 x - 3 scrolls of teleportation
 C - a scroll of silence {unknown}
 F - a scroll of summoning
 G - a scroll of immolation
Potions
 b - 3 potions of invisibility
 f - 6 potions of flight
 k - 6 potions of curing
 l - a potion of ambrosia
 u - a potion of resistance
 D - 2 potions of haste
 M - 2 potions of brilliance
 S - 3 potions of magic
 U - a potion of heal wounds
Miscellaneous
 e - a lightning rod (4/4)
 P - a condenser vane


   Skills:
 + Level 11.6 Fighting
 - Level 18.0(18.1) Axes
 * Level 3.0(10.8) Maces & Flails
 + Level 6.6 Throwing
 + Level 11.8 Armour
 + Level 11.5 Shields
 + Level 4.6 Evocations


You had 13 spell levels left.
You didn't know any spells.
Your spell library contained the following spells:

 Spells                   Type           Power      Damage    Failure   Level
 Animate Skeleton         Necr           0%         N/A       100%        1
 Apportation              Tloc           0%         N/A       100%        1
 Corona                   Hex            0%         N/A       100%        1
 Magic Dart               Conj           0%         1d3       100%        1
 Shock                    Conj/Air       0%         1d3       100%        1
 Summon Small Mammal      Summ           0%         N/A       100%        1
 Blink                    Tloc           N/A        N/A       100%        2
 Call Imp                 Summ           0%         N/A       100%        2
 Slow                     Hex            0%         N/A       100%        2
 Swiftness                Air            0%         N/A       100%        2
 Conjure Flame            Conj/Fire      0%         6-21      100%        3
 Ignite Poison            Fire/Tmut/Pois 0%         N/A       100%        3
 Mephitic Cloud           Conj/Pois/Air  0%         N/A       100%        3
 Static Discharge         Conj/Air       0%         N/A       100%        3
 Airstrike                Air            0%         N/A       100%        4
 Animate Armour           Summ/Erth      0%         N/A       100%        4
 Leda's Liquefaction      Hex/Erth       0%         N/A       100%        4
 Bolt of Magma            Conj/Fire/Erth 0%         4d4       100%        5
 Fireball                 Conj/Fire      0%         3d3       100%        5
 Irradiate                Conj/Tmut      0%         3d14      100%        5
 Iskenderun's Battlesphe  Conj           0%         2d6       100%        5
 Lightning Bolt           Conj/Air       0%         1d11      100%        5
 Blade Hands              Tmut           0%         N/A       100%        6
 Iron Shot                Conj/Erth      0%         9d1       100%        6
 Starburst                Conj/Fire      0%         8x6d3     100%        6
 Statue Form              Tmut/Erth      0%         N/A       100%        6
 Dragon Form              Tmut           0%         N/A       100%        7
 Orb of Destruction       Conj           0%         N/A       100%        7
 Spellforged Servitor     Conj/Summ      0%         N/A       100%        7
 Ignition                 Fire           0%         3d3       100%        8
 Shatter                  Erth           0%         3d5*      100%        9


Dungeon Overview and Level Annotations

Branches:
Dungeon (9/15)             Temple (1/1) D:4            Lair (6/6) D:9
 Shoals (0/4) Lair:2       Spider (0/4) Lair:3        Slime (0/5) Lair:5
    Orc: D:9-12

Altars:
Ashenzari
Cheibriados
Dithmenos
Elyvilon
Fedhas
Gozag
Hepliaklqana
Kikubaaqudgha
Makhleb
Nemelex Xobeh
Okawaru
Qazlal
Ru
Sif Muna
Trog
Uskayaw
Vehumet
Wu Jian
Xom
Yredelemnul
Zin
The Shining One
Jiyva

Annotations:
D:4 exclusion: statue
D:5 3 runed translucent doors, paps's ghost, amateur DsDe
Lair:6 exclusion: 2 oklob plants


Message History

* * * LOW HITPOINT WARNING * * *
You are splashed with acid!
* * * LOW HITPOINT WARNING * * *
You hit the oklob plant. You freeze the oklob plant.
The oklob plant is lightly damaged.
You hit the oklob plant but do no damage.
You slash the oklob plant! You freeze the oklob plant.
You slash the oklob plant! You freeze the oklob plant.
The oklob plant is moderately damaged.
You hit the oklob plant but do no damage.
You slash the oklob plant! You freeze the oklob plant. You hit the oklob plant.
You freeze the oklob plant.
The oklob plant is moderately damaged.
You hit the oklob plant. You freeze the oklob plant.
You completely miss the oklob plant. The oklob plant spits acid at you.
The splash of acid hits you!
* * * LOW HITPOINT WARNING * * *
You are splashed with acid!
* * * LOW HITPOINT WARNING * * *
You slice the oklob plant!! You freeze the oklob plant.
The oklob plant is almost destroyed.
You slash the oklob plant! You freeze the oklob plant.
You slash the oklob plant! You freeze the oklob plant.
The oklob plant stops glowing.
You slice the oklob plant!! You freeze the oklob plant.
You destroy the oklob plant!
Trog accepts your kill.
You hit the oklob plant but do no damage. x2
Your base Maces & Flails skill increases to level 3!
You hit the oklob plant. You freeze the oklob plant.
The oklob plant is heavily damaged.
You hit the oklob plant. You freeze the oklob plant. You hit the oklob plant.
You freeze the oklob plant.
The oklob plant is almost destroyed.
The oklob plant spits acid at you. The splash of acid hits you.
* * * LOW HITPOINT WARNING * * *
The acid corrodes you!
You are splashed with acid!
You die...

##.....≈##≈≈.#≈≈##≈≈.#≈≈#.≈≈##..#
#......≈≈≈.≈≈.≈.≈≈P≈P...≈.≈≈≈....
##..##...............≈....#P≈.##.
#####....##.........####.##≈####
#....##.........# ######
##...#....#....#.#
#####....#$=!.### #....#?[(.###
#.....@P....# ##.###..P.### ###
######


You could see 2 oklob plants.

Vanquished Creatures
  10 hydras
  A boulder beetle (Lair:6)
  A merfolk avatar (Lair:6)
  2 catoblepae
  2 two-headed ogres (D:8)
  A lindwurm (Lair:6)
  A harpy (Lair:6)
  An oklob plant (Lair:6)
  6 elephants (Lair:6)
  2 black mambas
  11 cane toads
  5 rime drakes
  6 komodo dragons
  10 polar bears
  5 hornets
  6 jumping spiders (Lair:3)
  A wind drake (Lair:6)
  15 blink frogs
  A snapping turtle (Lair:2)
  4 redbacks (Lair:3)
  33 yaks
  3 wyverns
  6 basilisks
  Eustachio (D:6)
  A steam dragon (D:8)
  2 wargs (D:9)
  2 swamp worms (Lair:1)
  17 water moccasins
  3 orc warriors (D:9)
  2 ogres (D:6)
  2 sky beasts
  5 black bears
  2 necrophages
  11 wolves
  3 centaurs
  15 bullfrogs
  2 kobold brigands
  2 gnoll sergeants (D:6)
  2 scorpions
  2 howler monkeys
  8 electric eels (D:7)
  A centaur zombie (D:7)
  6 hounds
  5 orc priests
  2 centaur skeletons
  3 jellies
  2 bullfrog skeletons
  4 gnoll shamans
  20 hell rats
  6 orc wizards
  An iguana (D:5)
  A scorpion zombie (D:5)
  A mummy (D:3)
  3 howler monkey zombies
  5 adders
  11 gnolls
  7 river rats (D:8)
  2 white imps
  2 ufetubi
  2 worms (D:4)
  4 dart slugs
  29 orcs
  4 bats
  7 endoplasms
  4 giant cockroaches
  7 goblins
  16 hobgoblins
  2 jackals (D:2)
  20 kobolds
  8 quokkas
  5 ball pythons
  3 frilled lizards
  26 rats
  2 bushes (Lair:3)
436 creatures vanquished.

Vanquished Creatures (collateral kills)
  A boulder beetle (Lair:4)
  A polar bear (Lair:6)
2 creatures vanquished.

Vanquished Creatures (others)
  A bush (Lair:3)
  33 fungi
  133 plants
167 creatures vanquished.

Grand Total: 605 creatures vanquished

Notes
Turn   | Place    | Note
-------+----------+-------------------------------------------
     0 | D:1      | LabCoat the Hill Orc Fighter began the quest for the Orb.
     0 | D:1      | Reached XP level 1. HP: 19/19 MP: 1/1
   264 | D:1      | Reached skill level 3 in Axes
   264 | D:1      | Reached XP level 2. HP: 26/27 MP: 2/2
   320 | D:1      | Found a faded altar of an unknown god.
   667 | D:1      | Reached XP level 3. HP: 32/33 MP: 3/3
  1211 | D:2      | Reached skill level 4 in Axes
  1216 | D:2      | Reached XP level 4. HP: 17/40 MP: 4/4
  1689 | D:2      | HP: 2/40 [something (3)]
  2180 | D:3      | Reached skill level 5 in Axes
  2205 | D:3      | Found a sparkling altar of Nemelex Xobeh.
  2284 | D:3      | Reached XP level 5. HP: 42/46 MP: 5/5
  2522 | D:3      | Found a snail-covered altar of Cheibriados.
  3323 | D:4      | Reached skill level 6 in Axes
  3368 | D:4      | Reached XP level 6. HP: 53/53 MP: 6/6
  3879 | D:4      | Found a radiant altar of Vehumet.
  3897 | D:4      | Reached skill level 7 in Axes
  3957 | D:4      | Found a staircase to the Ecumenical Temple.
  3963 | Temple   | Entered the Ecumenical Temple
  4307 | D:5      | Entered Level 5 of the Dungeon
  4398 | D:5      | Found a stormy altar of Qazlal.
  4409 | D:5      | Reached skill level 1 in Throwing
  4585 | D:5      | Reached XP level 7. HP: 53/60 MP: 7/7
  4858 | D:5      | Found a runed translucent gate.
  4858 | D:5      | Found a runed translucent gate.
  4858 | D:5      | Found a runed translucent gate.
  4860 | D:5      | Found an opulent altar of Gozag.
  4861 | D:5      | Noticed paps's ghost (amateur DsDe)
  4862 | D:5      | Noticed a manticore
  5236 | D:6      | Noticed Eustachio
  5264 | D:6      | Killed Eustachio
  5265 | D:6      | Reached skill level 8 in Axes
  5371 | D:6      | Reached skill level 5 in Armour
  5616 | D:6      | Reached XP level 8. HP: 60/67 MP: 8/8
  5706 | D:6      | Reached skill level 9 in Axes
  5882 | D:6      | Reached skill level 5 in Fighting
  6028 | D:6      | Found a shadowy altar of Dithmenos.
  6132 | D:6      | Found an iron altar of Okawaru.
  6180 | D:6      | Reached skill level 5 in Shields
  6216 | D:6      | You fall into a shaft and drop 1 floor!
  6257 | D:7      | Reached skill level 10 in Axes
  6812 | D:7      | Reached XP level 9. HP: 74/74 MP: 9/9
  6896 | D:7      | Reached skill level 11 in Axes
  7294 | D:7      | Found a shimmering blue altar of Sif Muna.
  8373 | D:8      | Noticed a two-headed ogre
  8379 | D:8      | Killed a two-headed ogre
  8380 | D:8      | Reached skill level 12 in Axes
  8400 | D:8      | Noticed a two-headed ogre
  8407 | D:8      | Killed a two-headed ogre
  8408 | D:8      | Reached skill level 1 in Evocations
  8408 | D:8      | Reached XP level 10. HP: 37/83 MP: 10/10
  8459 | D:8      | Reached skill level 13 in Axes
  8493 | D:8      | Found a bloodstained altar of Trog.
  8507 | D:8      | Became a worshipper of Trog the Wrathful
  8777 | D:8      | Found a broken altar of Ashenzari.
  8878 | D:8      | Reached * piety under Trog
  9101 | D:8      | Found a hazy altar of Hepliaklqana.
  9290 | D:6      | Reached ** piety under Trog
  9892 | D:9      | Found a staircase to the Lair.
 10044 | D:9      | Found a glowing golden altar of the Shining One.
 10179 | D:9      | Reached skill level 14 in Axes
 10386 | Lair:1   | Entered Level 1 of the Lair of Beasts
 10450 | Lair:1   | Reached XP level 11. HP: 81/92 MP: 11/11
 10987 | Lair:1   | Reached *** piety under Trog
 10994 | Lair:1   | Identified the ring of Sadexid {Dex+6 SInv}
 11093 | Lair:2   | Noticed a four-headed hydra
 11107 | Lair:2   | Killed a four-headed hydra
 11108 | Lair:2   | Reached skill level 15 in Axes
 11108 | Lair:2   | Reached skill level 5 in Throwing
 11489 | Lair:2   | Noticed a six-headed hydra
 11502 | Lair:2   | Killed a six-headed hydra
 11816 | Lair:2   | Found a staircase to the Shoals.
 11900 | Lair:2   | Reached XP level 12. HP: 103/103 MP: 12/12
 12147 | Lair:3   | Reached skill level 16 in Axes
 12205 | Lair:3   | Reached **** piety under Trog
 12583 | Lair:3   | Found a hole to the Spider Nest.
 13267 | Lair:4   | Noticed a four-headed hydra
 13281 | Lair:4   | Killed a four-headed hydra
 13282 | Lair:4   | Reached skill level 10 in Armour
 13426 | Lair:4   | Reached ***** piety under Trog
 13429 | Lair:4   | Reached skill level 17 in Axes
 13459 | Lair:4   | Noticed a six-headed hydra
 13469 | Lair:4   | Killed a six-headed hydra
 13522 | Lair:4   | Noticed a catoblepas
 13561 | Lair:4   | Killed a catoblepas
 13562 | Lair:4   | Reached XP level 13. HP: 70/113 MP: 13/13
 13675 | Lair:4   | Reached skill level 10 in Fighting
 14245 | Lair:5   | Reached skill level 10 in Shields
 14496 | Lair:5   | Found a staircase to the Slime Pits.
 14496 | Lair:5   | Found a viscous altar of Jiyva.
 14965 | Lair:6   | Entered Level 6 of the Lair of Beasts
 15320 | Lair:6   | Received a gift from Trog
 15386 | Lair:6   | Reached XP level 14. HP: 103/124 MP: 14/14
 15395 | Lair:6   | Reached skill level 18 in Axes
 15662 | Lair:6   | Reached skill level 1 in Maces & Flails
 16264 | Lair:6   | Splashed by an oklob plant's acid

Illustrated notes

Levels and vault maps discovered:
D:1:      saegor_arrival_simple_e, layout_loops_ring, basic_ecumenical_altar,
          chequers_mini_garden, chequers_decorated_corner
D:2:      layout_basic, fountainhead, minmay_tetromino_t4
D:3:      layout_basic, slow_altar_2, marbit_many_paths
D:4:      layout_rooms, vehumet_statue, minmay_temple_entry_enclosed_plants
D:5:      layout_basic, nicolae_overflow_crystal_walls, ebering_ghost_gozag
D:6:      kennysheep_housing_project, layout_loops_corners,
          kennysheep_little_box, kennysheep_mini, uniq_eustachio
D:7:      layout_basic, pf_just_have_faith, serial_bayou, serial_bayou_pond_e,
          serial_bayou_pond_d, serial_bayou_shore_a, serial_bayou_lake_a
D:8:      lemuel_ratsnest, layout_loops_ring, trog_hazing_becter,
          lemuel_tele_altar, lemuel_crystal_altar, minmay_liquid_box
D:9:      layout_rooms, nicolae_tso_swordbearing_angel,
          erik_lair_orcish_takeover, serial_bayou_crossing
Temple:   grunt_temple_mini_profane
Lair:1:   layout_chaotic_city, worms_lemuel
Lair:2:   layout_regular_city, minmay_shoals_entry_hut, grunt_megastairs_2
Lair:3:   layout_loops_ring, nicolae_spider_entry_tight_spaces, wad_woods_06,
          grunt_megastairs_1
Lair:4:   layout_roguey
Lair:5:   layout_regular_city, slime_altar_1
Lair:6:   gammafunk_lair_ancient_temple, layout_misc_corridors,
          minmay_lair_oklob_chamber

Skill      XL: |  1  2  3  4  5  6  7  8  9 10 11 12 13 14 |
---------------+-------------------------------------------+-----
Axes           | 3 4 5 6 7 8 10 12 14 15 17 18 | 18.0
Fighting       | 4 5 6 7 8 9 11 | 11.6
Armour         | 4 5 6 7 8 9 10 11 | 11.8
Shields        | 4 5 6 8 9 11 | 11.5
Throwing       | 1 2 3 4 5 6 |  6.6
Evocations     | 1 2 4 |  4.6
Maces & Flails | 3 |  3.0

Action                   |  1- 3 |  4- 6 |  7- 9 | 10-12 | 13-15 || total
-------------------------+-------+-------+-------+-------+-------++-------
Melee: War axe           |    81 |   153 |   189 |   457 |   181 ||  1061
       Flail             |       |       |       |    47 |    37 ||    84
       Morningstar       |       |       |       |    17 |    86 ||   103
       Broad axe         |       |       |       |       |     7 ||     7
Throw: Boomerang         |       |    29 |    23 |    91 |    26 ||   169
       Javelin           |       |       |    16 |       |       ||    16
Invok: Berserk           |       |       |       |     5 |     7 ||    12
Evoke: Wand              |       |       |     6 |    45 |    33 ||    84
  Use: Scroll            |     3 |     6 |     2 |    12 |    13 ||    36
       Potion            |       |     3 |     1 |     1 |     1 ||     6
 Stab: Distracted        |       |       |       |     2 |     5 ||     7
       Petrifying        |       |       |       |     1 |       ||     1
Armor: Scale mail        |    46 |    45 |       |       |       ||    91
       Chain mail        |       |    25 |   126 |    57 |       ||   208
       Plate armour      |       |       |       |   143 |   234 ||   377
Dodge: Dodged            |    21 |    38 |    49 |    78 |    74 ||   260
Block: Kite shield       |    54 |    78 |    89 |   258 |   218 ||   697

Table legend: (Time is in decaauts)
 A = Elapsed time spent in this place.
 B = Non-inter-level travel time spent in this place.
 C = Inter-level travel time spent in this place.
 D = Time resting spent in this place.
 E = Time spent auto-exploring this place.
 F = Levels seen in this place.
 G = Mean time per level.
                   A        B        C        D        E       F      G
               +--------+--------+--------+--------+--------+-----+--------+
         Total |  16621 |  15831 |    790 |   2781 |  10026 |  16 | 1038.8 |
       Dungeon |  10435 |   9792 |    643 |   2088 |   6037 |   9 | 1159.4 |
        Temple |    221 |    195 |     26 |      0 |    180 |   1 |  221.0 |
          Lair |   5964 |   5844 |    120 |    693 |   3808 |   6 |  994.0 |
               +--------+--------+--------+--------+--------+-----+--------+

Top non-repeatable levels by time:
     D:7: 2048 daAuts
     D:6: 1518 daAuts
  Lair:6: 1312 daAuts
     D:3: 1288 daAuts
     D:2: 1205 daAuts
  Lair:3: 1141 daAuts
  Lair:2: 1055 daAuts
     D:8: 1030 daAuts
     D:1: 975 daAuts
  Lair:4: 965 daAuts
     D:5: 955 daAuts
     D:4: 854 daAuts
  Lair:5: 799 daAuts
  Lair:1: 689 daAuts
     D:9: 558 daAuts
